 Dungeon Crawl Stone Soup version 0.19.3-4-gbf9329e (console) character file.

20757 itsmu the Spear-Bearer (level 13, -1/94 HPs)
             Began as a Formicid Earth Elementalist on Jan 29, 2017.
             Was a Priest of Sif Muna.
             Shot with an arrow by a centaur warrior (14 damage)
             ... on level 13 of the Dungeon.
             The game lasted 01:23:27 (21643 turns).

itsmu the Spear-Bearer (FoEE)                      Turns: 21643, Time: 01:23:28

Health: -1/94      AC:  6    Str: 13    XL:     13   Next: 14%
Magic:  10/30      EV: 14    Int: 20    God:    Sif Muna [***...]
Gold:   810        SH:  8    Dex: 11    Spells: 5 memorised, 10 levels left

rFire  . . .     SeeInvis +     b - +4 halberd
rCold  . . .     Gourm    .     K - +1 robe {rN+}
rNeg   + . .     Faith    .     g - +0 buckler {AC+3}
rPois  .         Spirit   .     (helmet unavailable)
rElec  .         Reflect  +     (no cloak)
rCorr  .         Harm     .     (no gloves)
MR     +....                    (no boots)
Stlth  +++.......               y - +3 amulet of reflection
                                A - ring of magical power
                                n - ring of stealth

@: no status effects
A: permanent stasis, dig shafts and tunnels, four strong arms, antennae 3
a: Dig, Shaft Self, Divine Energy, Channel Magic, Renounce Religion


You were on level 13 of the Dungeon.
You worshipped Sif Muna.
Sif Muna was most pleased with you.
You were not hungry.

You visited 3 branches of the dungeon, and saw 16 of its levels.

You collected 988 gold pieces.
You spent 178 gold pieces at shops.

Inventory:

Hand Weapons
 b - a +4 halberd (weapon)
   (You took it off a wight on level 6 of the Dungeon)
 q - a +1 bardiche
   (You found it on level 1 of the Lair of Beasts)
Missiles
 a - 87 stones
 C - 3 silver tomahawks (quivered)
Armour
 g - a +0 buckler of protection (worn)
   (You found it on level 5 of the Dungeon)
 t - a +3 shield of protection
   (You bought it in a shop on level 4 of the Dungeon)
 K - a +1 robe of positive energy (worn)
   (You took it off Psyche on level 8 of the Dungeon)
Rods
 k - a +1 rod of clouds (11/11)
   (You found it on level 10 of the Dungeon)
Jewellery
 c - an uncursed ring of fire
   (You took it off a kobold on level 9 of the Dungeon)
 n - a ring of stealth (left hand)
   (You found it on level 2 of the Dungeon)
 y - a +3 amulet of reflection (around neck)
   (You found it on level 10 of the Dungeon)
 A - a ring of magical power (right hand)
   (You found it on level 5 of the Dungeon)
Wands
 e - a wand of polymorph (7/24)
   (You found it on level 1 of the Lair of Beasts)
 l - a wand of digging (5/24)
   (You found it on level 1 of the Lair of Beasts)
 m - a wand of disintegration (12/24)
   (You found it on level 1 of the Lair of Beasts)
 p - a wand of teleportation (0/9)
   (You found it on level 7 of the Dungeon)
 B - a wand of polymorph (9/24)
   (You took it off a crimson imp on level 5 of the Dungeon)
 D - a wand of slowing (18/48)
   (You found it on level 6 of the Dungeon)
 E - a wand of paralysis (17/24)
   (You took it off an orc on level 4 of the Dungeon)
 J - a wand of polymorph (18/24)
   (You found it on level 11 of the Dungeon)
Scrolls
 h - a scroll of recharging
 j - 3 scrolls of remove curse
 o - a scroll of magic mapping
 s - 3 scrolls of enchant armour
 x - 3 scrolls of amnesia
 F - a scroll of fog
Potions
 f - a potion of resistance
 i - 2 potions of cancellation
 r - 3 potions of flight
 u - 2 potions of might
 v - 3 potions of lignification
 w - a potion of degeneration {unknown}
 z - 5 potions of curing
 G - 2 potions of agility
 L - a potion of ambrosia {unknown}
 P - a potion of brilliance
Books
 M - a book of Necromancy
   (You found it on level 11 of the Dungeon)

   Spells                             Type                      Level
   a - Pain                           Necromancy                   1
   b - Animate Skeleton               Necromancy                   1
   c - Vampiric Draining              Necromancy                   3
   d - Regeneration                   Charms/Necromancy            3
   e - Animate Dead                   Necromancy                   4
   f - Control Undead                 Necromancy                   4
Comestibles
 d - 14 bread rations
 H - 4 fruits
 I - 7 beef jerkies
 N - 4 chunks of flesh
 O - a slice of pizza


   Skills:
 + Level 6.4 Fighting
   Level 2.4 Long Blades
 + Level 12.9 Polearms
   Level 0.8(8.5) Staves
 - Level 1.0 Armour
 * Level 4.5 Dodging
 - Level 2.4 Stealth
 * Level 7.5 Shields
 * Level 5.7 Spellcasting
 - Level 6.1 Conjurations
 * Level 2.4 Charms
 * Level 2.4 Necromancy
   Level 1.1 Transmutations
 * Level 10.6 Earth Magic


You had 10 spell levels left.
You knew the following spells:

 Your Spells              Type           Power        Failure   Level  Hunger
a - Sandblast             Erth           #####.       1%          1    None
b - Animate Skeleton      Necr           N/A          4%          1    None
f - Lee's Rapid Deconstr  Erth           #####.....   4%          5    #####..
o - Stone Arrow           Conj/Erth      #####.       1%          3    ##.....
R - Regeneration          Chrm/Necr      ###.......   14%         3    ##.....


Dungeon Overview and Level Annotations

Branches:
Dungeon (13/15)            Temple (1/1) D:7            Lair (2/6) D:9
    Orc (0/2) D:12
  Swamp: Lair:2-4    Shoals: Lair:2-4     Snake: Lair:2-4    Spider: Lair:2-4
 Vaults: D:13-14

Altars:
Ashenzari
Cheibriados
Dithmenos
Elyvilon
Fedhas
Gozag
Hepliaklqana
Kikubaaqudgha
Makhleb
Nemelex Xobeh
Okawaru
Qazlal
Ru
Sif Muna
Trog
Uskayaw
Vehumet
Xom
Yredelemnul
Zin
The Shining One

Shops:
D:4 [   D:5 }   D:7 [

Annotations:
D:1 Ijyb
D:2 Terence
D:7 1 runed door, bananaglory's ghost, novice HOGl


Innate Abilities, Weirdness & Mutations

You are under a permanent stasis effect.
You can dig through walls and to a lower floor.
Your four strong arms can wield two-handed weapons with a shield.
You have a pair of large antennae on your head. (SInv)


Message History

As you read the scroll of fog, it crumbles to dust.
The scroll dissolves into smoke.
You see here an arrow.
The centaur warrior wields a shortbow.
The centaur warrior shoots an arrow.
The arrow hits you!
* * * LOW HITPOINT WARNING * * *
You see here an arrow.
Okay, then.
Enter note: rip
Press: ? - help, v - describe, . - travel
Here: a centaur warrior, wielding a shortbow (purple smoke)
The floor.
Evoke which item? (* to show all) (? for menu, Esc to quit)
Zapping:
E - a wand of paralysis {recharged} (will waste charges)
Press: ? - help, Shift-Dir - straight line, f - centaur warrior
Aim: a centaur warrior, wielding a shortbow (purple smoke, chance to defeat MR: 28%)
The centaur warrior easily resists.
Evoking this partially-identified wand wasted a few charges.
The centaur warrior shoots an arrow.
The arrow hits you!
You die...

.#######.c#
#(# #{# #{#
#§# #{# #c#
#§# #a# #§#
#.# #.# #<#
#.# #.# #.#
#.#


You could see a centaur warrior.

Vanquished Creatures
  The ghost of pib the Destroyer, a journeyman TeFE of Vehumet (Lair:1)
  2 hill giants
  2 ugly things
  2 cyclopes (D:12)
  A centaur zombie (D:10)
  Psyche (D:8)
  2 centaur skeletons
  A spiny frog (Lair:1)
  2 kobold demonologists (D:11)
  2 rime drakes
  A komodo dragon (Lair:1)
  2 two-headed ogres
  3 polar bears (Lair:1)
  Grinder (D:4)
  Prince Ribbit (D:5)
  3 trolls
  3 hippogriffs
  Sigmund (D:4)
  A vampire (D:11)
  Eustachio (D:7)
  16 yaks
  4 basilisks
  A wyvern (Lair:2)
  A steam dragon (D:13)
  2 vampire mosquitoes (D:12)
  Menkaure (D:4)
  A mottled dragon (D:11)
  6 porcupines
  2 water moccasins
  4 orc warriors
  2 ice beasts
  2 sky beasts (D:9)
  A black bear (shapeshifter) (Lair:1)
  A necrophage (D:12)
  2 phantoms
  14 ogres
  4 wolves (Lair:1)
  8 centaurs
  A crocodile (D:9)
  4 big kobolds
  7 bullfrogs
  A gnoll sergeant (D:7)
  A wyvern zombie (D:12)
  A wyvern skeleton (D:10)
  7 scorpions
  8 killer bees
  6 wights
  A vampire bat (D:5)
  2 howler monkeys
  7 crimson imps
  2 bullfrog zombies (D:12)
  10 hounds
  A quasit (D:4)
  8 orc priests
  A jelly (D:8)
  12 orc wizards
  A bullfrog skeleton (D:9)
  Jessica (D:2)
  3 iguanas
  9 worker ants
  A hound skeleton (D:5)
  2 howler monkey skeletons
  A worker ant zombie (D:10)
  8 adders
  3 gnolls (D:7)
  2 river rats (D:9)
  2 shadow imps
  An adder skeleton (D:4)
  3 worms
  2 dart slugs
  3 fire bats (D:5)
  5 leopard geckos
  36 orcs
  2 spectral bats (D:5)
  16 bats
  3 bat skeletons (D:5)
  6 bat zombies
  3 giant cockroaches
  9 goblins
  5 hobgoblins
  4 quokkas
  A bat simulacrum (D:5)
  4 frilled lizards
  A jackal skeleton (D:5)
  17 kobolds
  2 leopard gecko skeletons (D:4)
  2 quokka skeletons (D:8)
  2 rats (D:2)
  3 rat zombies (D:8)
348 creatures vanquished.

Vanquished Creatures (collateral kills)
  A komodo dragon (Lair:1)
  A wolf (Lair:1)
2 creatures vanquished.

Vanquished Creatures (others)
  A centaur (D:13)
  A kobold (D:13)
  4 plants (D:9)
6 creatures vanquished.

Grand Total: 356 creatures vanquished

Notes
Turn   | Place    | Note
-------+----------+-------------------------------------------
     0 | D:1      | itsmu the Formicid Earth Elementalist began the quest for the Orb.
     0 | D:1      | Reached XP level 1. HP: 13/13 MP: 3/3
   208 | D:1      | Reached XP level 2. HP: 18/20 MP: 3/5
   934 | D:2      | Noticed Jessica
   950 | D:2      | Reached XP level 3. HP: 25/25 MP: 2/6
   995 | D:2      | Killed Jessica
   995 | D:2      | Reached skill level 1 in Fighting
   995 | D:2      | Reached skill level 5 in Earth Magic
  1031 | D:2      | Reached XP level 4. HP: 32/32 MP: 4/7
  1043 | D:2      | Learned a level 3 spell: Stone Arrow
  1087 | D:2      | Noticed Ijyb
  1200 | D:2      | Found a shimmering altar of Xom.
  1347 | D:2      | Noticed Terence
  1360 | D:2      | You fall through a shaft for 2 floors!
  1821 | D:2      | Reached skill level 1 in Conjurations
  2130 | D:4      | Reached XP level 5. HP: 38/38 MP: 4/8
  2150 | D:4      | ugh
  2451 | D:4      | Noticed an ogre
  2457 | D:4      | Killed an ogre
  2457 | D:4      | Reached XP level 6. HP: 46/46 MP: 1/9
  2888 | D:4      | Noticed Menkaure
  2918 | D:4      | Found Wizun's Antique Armour Boutique.
  2926 | D:4      | Bought a glowing shield for 178 gold pieces
  2987 | D:4      | Found a sacrificial altar of Ru.
  3137 | D:4      | Killed Menkaure
  3137 | D:4      | Reached skill level 1 in Shields
  3137 | D:4      | Reached XP level 7. HP: 49/51 MP: 0/10
  3314 | D:4      | Noticed Grinder
  3651 | D:5      | Entered Level 5 of the Dungeon
  3909 | D:5      | Reached XP level 8. HP: 58/58 MP: 0/11
  4042 | D:5      | Noticed Prince Ribbit
  4048 | D:5      | Killed Prince Ribbit
  4169 | D:5      | Learned a level 5 spell: Lee's Rapid Deconstruction
  4311 | D:5      | uh oh
  4549 | D:5      | Found Picosuip's Gadget Boutique.
  5251 | D:4      | Killed Grinder
  5251 | D:4      | Reached skill level 5 in Conjurations
  5251 | D:4      | Reached XP level 9. HP: 66/66 MP: 2/12
  5265 | D:4      | Noticed Sigmund
  5353 | D:4      | Killed Sigmund
  5353 | D:4      | Reached skill level 1 in Long Blades
  5912 | D:5      | whoops
  6208 | D:6      | Noticed Eustachio
  6364 | D:7      | Found Booxkygh's Antique Armour Boutique.
  6427 | D:7      | Noticed bananaglory's ghost (novice HOGl)
  7629 | D:6      | Reached skill level 5 in Fighting
  7802 | D:6      | Found a blossoming altar of Fedhas.
  7803 | D:6      | Found a stormy altar of Qazlal.
  8958 | D:6      | Reached skill level 1 in Polearms
  9176 | D:7      | Reached skill level 2 in Polearms
  9538 | D:7      | Reached skill level 3 in Polearms
  9538 | D:7      | Reached XP level 10. HP: 70/74 MP: 0/14
  9743 | D:7      | Reached skill level 4 in Polearms
 10028 | D:7      | Found a runed door.
 10111 | D:7      | fu
 10192 | D:7      | Killed Eustachio
 10192 | D:7      | Reached skill level 5 in Polearms
 10507 | D:7      | Found a staircase to the Ecumenical Temple.
 10515 | Temple   | Entered the Ecumenical Temple
 10605 | Temple   | Became a worshipper of Sif Muna the Loreminder
 10831 | D:7      | .
 10865 | D:6      | Reached skill level 6 in Polearms
 10882 | D:6      | sif accepts kills now??
 11410 | D:8      | Noticed Psyche
 11418 | D:8      | Killed Psyche
 11418 | D:8      | Reached skill level 7 in Polearms
 11678 | D:8      | Found an opulent altar of Gozag.
 11680 | D:8      | Found a glowing golden altar of the Shining One.
 11681 | D:8      | Found a sparkling altar of Nemelex Xobeh.
 11816 | D:8      | Found an ancient bone altar of Kikubaaqudgha.
 12296 | D:9      | Reached skill level 8 in Polearms
 12330 | D:8      | uh
 12651 | D:9      | Reached skill level 9 in Polearms
 12952 | D:9      | Reached XP level 11. HP: 71/79 MP: 4/15
 13060 | D:9      | Found a staircase to the Lair.
 13325 | D:8      | Reached skill level 10 in Polearms
 14010 | D:9      | Reached skill level 11 in Polearms
 14295 | D:9      | Reached * piety under Sif Muna
 14590 | Lair:1   | Entered Level 1 of the Lair of Beasts
 14714 | Lair:1   | jfc
 15382 | Lair:1   | Noticed pib's ghost (journeyman TeFE)
 15382 | Lair:1   | for fuck's sake
 15399 | Lair:1   | Reached skill level 12 in Polearms
 15691 | Lair:1   | Killed pib's ghost
 16142 | Lair:1   | Found a bloodstained altar of Trog.
 16189 | Lair:1   | Reached XP level 12. HP: 86/86 MP: 11/16
 16337 | Lair:1   | Reached skill level 1 in Armour
 16337 | Lair:1   | Reached skill level 5 in Shields
 16709 | Lair:2   | Noticed a death yak
 16710 | Lair:2   | cmon now
 17162 | D:10     | Entered Level 10 of the Dungeon
 18261 | D:10     | Reached skill level 10 in Earth Magic
 19138 | D:10     | Identified a +1 rod of clouds (11/11) (You found it on level 10 of the Dungeon)
 19402 | D:11     | Learned a level 1 spell: Animate Skeleton
 19406 | D:11     | Learned a level 3 spell: Regeneration
 19628 | D:12     | Reached ** piety under Sif Muna
 19925 | D:12     | Reached skill level 1 in Charms
 20085 | D:11     | Reached skill level 5 in Spellcasting
 20085 | D:11     | Reached skill level 1 in Necromancy
 20570 | D:12     | what is the secret to killing trolls
 20575 | D:12     | hm
 20672 | D:12     | helo
 20683 | D:12     | Found a staircase to the Orcish Mines.
 20684 | D:12     | heh heh
 20846 | D:12     | Reached XP level 13. HP: 73/93 MP: 21/21
 21630 | D:13     | Reached *** piety under Sif Muna
 21631 | D:13     | Noticed a centaur warrior
 21643 | D:13     | rip
 21643 | D:13     | Shot with an arrow by a centaur warrior

Skill      XL: |  1  2  3  4  5  6  7  8  9 10 11 12 13 |
---------------+----------------------------------------+-----
Earth Magic    | 4 5 6 7 9 10 | 10.6
Fighting       | 1 2 3 4 5 6 |  6.4
Conjurations   | 1 2 3 5 6 |  6.1
Shields        | 1 2 3 4 7 |  7.5
Long Blades    | 2 |  2.4
Dodging        | 2 4 |  4.5
Polearms       | 3 9 12 | 12.9
Spellcasting   | 3 5 |  5.7
Armour         | 1 |  1.0
Charms         | 1 2 |  2.4
Necromancy     | 2 |  2.4
Staves         | |  0.8
Stealth        | |  2.4
Transmutations | |  1.1

Action                   |  1- 3 |  4- 6 |  7- 9 | 10-12 | 13-15 || total
-------------------------+-------+-------+-------+-------+-------++-------
Melee: Unarmed           |       |    30 |       |       |       ||    30
       Falchion          |       |       |    39 |     4 |       ||    43
       Halberd           |       |       |       |   196 |    40 ||   236
Throw: Javelin           |     7 |     7 |       |       |       ||    14
       Tomahawk          |       |     5 |    12 |       |       ||    17
       Stone             |       |     1 |       |       |       ||     1
 Cast: Sandblast         |    23 |    60 |    81 |   233 |       ||   397
       Stone Arrow       |       |     4 |   107 |   144 |    22 ||   277
       Lee's Rapid Decon |       |       |     2 |    21 |     6 ||    29
       Regeneration      |       |       |       |     3 |     3 ||     6
 Abil: Shaft Self        |       |     1 |       |       |       ||     1
       Dig               |       |       |     8 |     8 |       ||    16
Evoke: Wand              |       |     1 |     4 |     9 |     1 ||    15
  Use: Scroll            |       |     6 |     7 |    12 |     2 ||    27
       Potion            |       |       |       |    11 |       ||    11
 Stab: Sleeping          |       |       |     1 |     1 |       ||     2
       Distracted        |       |       |       |     1 |       ||     1
  Eat: Chunk             |     1 |     7 |    21 |    33 |     5 ||    67
       Pizza             |       |     1 |       |     3 |       ||     4
       Bread ration      |       |       |     2 |     1 |       ||     3
       Beef jerky        |       |       |     2 |     3 |       ||     5
       Fruit             |       |       |     1 |     2 |       ||     3
       Meat ration       |       |       |       |     2 |       ||     2
Armor: Robe              |     4 |    15 |    33 |    85 |     4 ||   141
Dodge: Dodged            |     9 |    60 |   109 |   220 |    24 ||   422
Block: Buckler           |       |       |    32 |   128 |    14 ||   174
       Reflection        |       |       |       |     5 |     5 ||    10
       Rpst.: Falchion   |       |       |    14 |     2 |       ||    16
